 Dungeon Crawl Stone Soup version 0.26-a0-541-g3b3d21e777 (webtiles) character file.

Game seed: 17129408310886653727

282358 Morbidden the Black Belt (level 20, -35/253 HPs)
             Began as a Black Draconian Conjurer on Aug 14, 2020.
             Was the Champion of Qazlal.
             Killed from afar by a halazid warlock (36 damage)
             ... with a ghostly fireball
             ... in the Desolation of Salt on Aug 16, 2020.
             The game lasted 02:32:49 (67343 turns).

Morbidden the Black Belt (DrCj)                    Turns: 67343, Time: 02:32:50

Health: -35/253    AC: 23    Str: 19    XL:     20   Next: 10%
Magic:  0/37       EV: 19    Int: 23    God:    Qazlal [******]
Gold:   3045       SH:  8    Dex: 19    Spells: 15/45 levels left

rFire    . . .     SeeInvis .     - Unarmed
rCold    . . .     Faith    .   (shield currently unavailable)
rNeg     . . .     Spirit   +   (armour unavailable)
rPois    +         Reflect  .   (helmet currently unavailable)
rElec    +         Harm     .   (cloak currently unavailable)
rCorr    .                      (gloves currently unavailable)
MR       +....                  (boots currently unavailable)
Stlth    +.........             L - amulet of guardian spirit
HPRegen  0.52/turn              N - +4 ring of evasion
MPRegen  0.25/turn              G - +6 ring of dexterity

@: lethally poisoned (-35 -> -37), dragon-form, protected from physical damage,
flying, studying Ice Magic, drained, repel missiles
A: giant, breathe lightning, unfitting armour, agile 1, dopey 1, mutation
resistance 1, electricity resistance, weak 1, AC +10
}: 1/15 runes: decaying
a: Breathe Lightning, End Transformation, Upheaval, Elemental Force, Disaster
Area, Renounce Religion


You were in the Desolation of Salt.
You worshipped Qazlal.
Qazlal was exalted by your worship.
You were a fearsome dragon!
You visited 7 branches of the dungeon, and saw 34 of its levels.
You visited the Abyss 1 time.
You visited 1 bazaar.
You also visited: Sewer, Ossuary, Gauntlet and Desolation.

You collected 3860 gold pieces.
You spent 815 gold pieces at shops.

Inventory:

Hand Weapons
 k - the +8 frozen axe "Frostbite" {freezing cloud, *Noise +Fly rC+}
   (You took it off a frost giant on level 10 of the Dungeon)

   It has been specially enchanted to freeze those struck by it, causing extra
   injury to most foes and up to half again as much damage against particularly
   susceptible opponents.
   It can also slow down cold-blooded creatures.
   It protects you from cold.
   It lets you fly.
   It may make noises in combat.
Missiles
 c - 6 curare-tipped darts
 v - 30 boomerangs
 E - 4 javelins (quivered)
 M - 3 throwing nets
 R - 18 silver javelins
 T - 13 silver boomerangs
Armour
 s - a scarf of resistance (melded)
 y - a +2 hat (melded)
 P - a +2 pair of gloves of archery (melded)
 Q - the +1 pair of boots of Nolaneus (melded) {rCorr Int+3}
   (You found it in a Gauntlet)

   It affects your intelligence (+3).
   It provides partial protection from all sources of acid and corrosion.
 S - a +2 tower shield of protection
 U - a +0 buckler (melded)
Jewellery
 C - an uncursed ring of protection from cold
 G - a +6 ring of dexterity (right foreclaw)
 L - an amulet of guardian spirit (around neck)
 N - a +4 ring of evasion (left foreclaw)
 W - the ring "Zecaakh" {*Contam rF+ rN+ MR+ Int+6}
   (You acquired it on level 3 of the Vaults)

   [ring of intelligence]

   It affects your intelligence (+6).
   It protects you from fire.
   It protects you from negative energy.
   It affects your resistance to hostile enchantments.
   It causes magical contamination when unequipped.
Wands
 b - a wand of enslavement (7)
 j - a wand of iceblast (45)
 l - a wand of random effects (25)
 o - a wand of acid (17)
 t - a wand of polymorph (24)
 A - a wand of paralysis (34)
 D - a wand of flame (24)
 H - a wand of disintegration (7)
 I - a wand of digging (13)
Scrolls
 a - 4 scrolls of teleportation
 e - a scroll of silence
 f - 11 scrolls of enchant armour
 g - 13 scrolls of remove curse
 h - 4 scrolls of enchant weapon
 n - 11 scrolls of identify
 x - a scroll of fear
 z - a scroll of blinking
 K - a scroll of fog
Potions
 d - 3 potions of mutation
 i - 3 potions of haste
 p - 8 potions of brilliance
 q - 8 potions of curing
 u - a potion of cancellation
 w - 7 potions of might
 B - 3 potions of stabbing
 O - a potion of resistance
 V - 4 potions of lignification
Books
 X - a manual of Ice Magic
Miscellaneous
 Z - a condenser vane (1/2)


   Skills:
 * Level 12.4(11.5) Fighting
 - Level 1.3(0.5) Axes
 + Level 1.9(1.2) Throwing
 * Level 14.4(13.4) Dodging
 + Level 4.6(3.9) Stealth
 - Level 4.6(3.8) Shields
 + Level 16.8(15.7) Unarmed Combat
 * Level 13.0(12.0) Spellcasting
 + Level 10.2(9.3) Conjurations
 + Level 0.1(0.0) Hexes
 + Level 4.1(3.3) Translocations
 * Level 12.4(11.4) Transmutations
 + Level 1.0(0.3) Ice Magic
 + Level 10.1(9.2) Air Magic
 * Level 12.2(11.2) Invocations
 + Level 7.0(6.2) Evocations


You had 15 spell levels left.
You knew the following spells:

 Your Spells              Type           Power        Failure   Level
a - Magic Dart            Conj           ####         1%          1
b - Searing Ray           Conj           ######       1%          2
c - Dragon Form           Tmut           ######....   34%         7
d - Fulminant Prism       Conj/Hex       #####.....   7%          4
e - Conjure Ball Lightni  Conj/Air       ######....   16%         6
f - Hydra Form            Tmut           ######....   6%          6
z - Iskenderun's Mystic   Conj/Tloc      #####...     3%          4

Your spell library contained the following spells:

 Spells                   Type           Power        Failure   Level
 Blink                    Tloc           N/A          1%          2
 Passwall                 Tmut/Erth      #####...     1%          2
 Swiftness                Air            ######..     1%          2
 Dazzling Flash           Conj/Hex       #####.       1%          3
 Irradiate                Conj/Tmut      ######....   1%          5
 Gell's Gravitas          Tloc           ####......   3%          3
 Lesser Beckoning         Tloc           ####......   3%          3
 Teleport Other           Tloc           ####....     3%          3
 Corona                   Hex            ##.....      4%          1
 Freeze                   Ice            ###.         4%          1
 Summon Small Mammal      Summ           ##..         4%          1
 Ice Form                 Ice/Tmut       #####...     4%          4
 Petrify                  Tmut/Erth      #####...     4%          4
 Ensorcelled Hibernation  Hex/Ice        ##....       6%          2
 Hailstorm                Conj/Ice       #####...     6%          4
 Call Imp                 Summ           ##......     7%          2
 Slow                     Hex            ##......     7%          2
 Portal Projectile        Hex/Tloc       ###...       7%          3
 Summon Lightning Spire   Summ/Air       #####...     7%          4
 Frozen Ramparts          Ice            ###...       12%         3
 Ozocubu's Armour         Ice            ###.....     12%         3
 Passage of Golubria      Tloc           N/A          12%         4
 Yara's Violent Unravell  Hex/Tmut       #####.....   12%         5
 Call Canine Familiar     Summ           ##......     14%         3
 Confusing Touch          Hex            ##......     14%         3
 Inner Flame              Hex/Fire       ##......     14%         3
 Summon Guardian Golem    Hex/Summ       ##......     14%         3
 Tukima's Dance           Hex            ##......     14%         3
 Silence                  Hex/Air        #####.....   19%         5
 Summon Ice Beast         Ice/Summ       ##......     38%         4
 Cause Fear               Hex            ##........   41%         4
 Leda's Liquefaction      Hex/Erth       ##........   41%         4
 Freezing Cloud           Conj/Ice/Air   #####.....   47%         6
 Statue Form              Tmut/Erth      #####....    54%         6
 Metabolic Englaciation   Hex/Ice        ##........   75%         5
 Lee's Rapid Deconstruct  Erth           ##........   77%         5
 Ozocubu's Refrigeration  Ice            ###.......   99%         6
 Invisibility             Hex            ##......     100%        6
 Simulacrum               Ice/Necr       ##........   100%        6
 Tornado                  Air            ######....   100%        9


Dungeon Overview and Level Annotations

Branches:
Dungeon (15/15)            Temple (1/1) D:6            Lair (6/6) D:9
  Swamp (4/4) Lair:4        Snake (0/4) Lair:4        Slime (0/5) Lair:6
    Orc (2/2) D:9             Elf (2/3) Orc:2        Vaults (4/5) D:13
  Crypt (0/3) Vaults:2     Depths (0/5) D:15          Sewer (visited)
Ossuary (visited)         Desolation (1/1)          Gauntlet (visited)

Altars:
Ashenzari
Cheibriados
Dithmenos
Elyvilon
Fedhas
Gozag
Hepliaklqana
Kikubaaqudgha
Makhleb
Nemelex Xobeh
Okawaru
Qazlal
Ru
Sif Muna
Trog
Uskayaw
Vehumet
Wu Jian
Xom
Yredelemnul
Zin
The Shining One
Jiyva

Shops:
D:9 **[   D:12 *   Orc:2 :((![   Elf:2 (   Vaults:3 (   Vaults:4 *

Portals:
Trove: D:11 (give 7 potions of haste)

Annotations:
D:10 exclusion: orange crystal statue
D:15 3 runed translucent doors, Tysoic's ghost, journeyman GrEE
Vaults:4 3 runed translucent doors, exclusion: obsidian statue, Viusuagh's ghost, adept MiSk


Innate Abilities, Weirdness & Mutations

You can breathe wild blasts of lightning.
Your glossy black scales are hard. (AC +10)
You cannot fit into any form of body armour.
((Your large and strong wings let you fly indefinitely.))
You are resistant to electric shocks. (rElec)
((You are cold-blooded and may be slowed by cold attacks.))
You are agile. (Dex +2)
You are dopey. (Int -2)
You are somewhat resistant to further mutation.
You are weak. (Str -2)


Message History

The guardian serpent hits you!
* * * LOW HITPOINT WARNING * * *
You feel more protected from physical attacks.
The peacekeeper misses you. x2
A saltling comes into view.
The saltling misses you.
The guardian serpent is engulfed in blazing flames.
You kill the guardian serpent!
Qazlal accepts your kill.
The ragged hierophant barely misses you.
The saltling is engulfed in blazing flames.
The saltling hits you.
* * * LOW HITPOINT WARNING * * *
You feel more protected from physical attacks.
The guardian serpent completely misses you.
The halazid warlock casts a spell at the saltling.
The saltling's animating energy erupts into ghostly fire!
The ghostly flame explodes!
The ghostly fireball engulfs you!!!
You feel drained.
You die...

......L....≈...
.......8...≈...
..............#
..#[.≈.8.......
#≈.≈.)........
≈#...§..○○.....
.8≈...p8○☼.....
8....○8D..≈....
.....≈○8S§.....
....≈..)§.≈....
.....≈≈....p...
.....≈≈........
......≈.##.....
........# .....
......... .....
......... ....


You could see a ragged hierophant, a servant of whispers (frozen), a halazid
warlock (frozen), a crystal guardian, a peacekeeper, a guardian serpent and 5
saltlings.

Vanquished Creatures
  A tentacled monstrosity (Swamp:2)
  2 tentacled starspawn (Abyss:3)
  2 thorn hunters
  Donald (Swamp:4)
  Agnes (D:15)
  Kirke (D:12)
  An azure jelly (Swamp:4)
  A revenant (Abyss:3)
  2 frost giants
  3 deep elf sorcerers
  7 vault wardens
  8 ironheart preservers
  2 entropy weavers
  3 very ugly things (Vaults:1)
  An ophan (Elf:1)
  2 stone giants
  8 starcursed masses (Abyss:3)
  A deep elf annihilator (Elf:1)
  Azrael (D:14)
  A minotaur (Gauntlet)
  An ettin (Vaults:4)
  A blizzard demon (Gauntlet)
  2 deep elf death magi
  16 yaktaur captains
  4 great orbs of eyes
  2 ragged hierophants (Desolation)
  3 fire dragons
  6 vault guards
  Fannar (Lair:2)
  An ice dragon (shapeshifter) (D:15)
  Harold (D:8)
  2 rakshasas
  4 ogre magi
  11 hydras
  A servant of whispers (Desolation)
  4 ice dragons
  A ghost crab (Swamp:2)
  2 centaur warriors (D:14)
  A death knight (Vaults:2)
  2 catoblepae
  10 alligators
  A shambling mangrove (Swamp:4)
  A satyr (shapeshifter) (D:15)
  24 two-headed ogres
  A satyr (Abyss:3)
  A two-headed ogre (shapeshifter) (Vaults:1)
  13 dancing weapons
  A tengu warrior (D:14)
  3 thrashing horrors (Abyss:3)
  6 hell knights (Vaults:4)
  Nergalle (Lair:4)
  17 deep elf knights
  2 wretched stars (Abyss:3)
  A fire crab (shapeshifter) (D:15)
  An iron troll (Orc:2)
  A storm dragon zombie (Vaults:3)
  9 skeletal warriors (Vaults:2)
  A sixfirhy (Gauntlet)
  2 unseen horrors
  2 spriggan druids (Swamp:4)
  3 deep trolls
  6 glowing orange brains
  A flayed ghost (Vaults:3)
  11 deep elf archers
  An obsidian statue (Vaults:1)
  12 ironbrand convokers
  A lindwurm (Lair:6)
  A tengu zombie (Vaults:4)
  Pikel (D:4)
  15 orc knights
  9 harpies
  2 swamp dragons
  5 necromancers
  A wolf spider zombie (D:15)
  25 ugly things
  8 wolf spiders
  45 deep elf magi
  6 cyclopes
  3 orc sorcerers
  21 elephants
  3 manticores
  A manticore (shapeshifter) (Vaults:4)
  A salamander (shapeshifter) (Abyss:3)
  6 black mambas
  2 guardian serpents (Desolation)
  3 stone giant skeletons
  4 gargoyles
  7 vault sentinels
  A fire giant skeleton (Vaults:2)
  A smoke demon (Abyss:3)
  16 cane toads
  A hellion (Abyss:3)
  5 torpor snails (Lair:6)
  A rime drake (shapeshifter) (Vaults:3)
  3 rime drakes
  8 komodo dragons
  10 freezing wraiths
  A demonic crawler (Abyss:3)
  2 yaktaur zombies (Vaults:4)
  49 yaktaurs
  13 trolls
  3 polar bears
  2 meliai (shapeshifter)
  A troll (shapeshifter) (Vaults:2)
  A yaktaur skeleton (Vaults:4)
  Grinder (D:3)
  8 tyrant leeches
  A wind drake (shapeshifter) (Vaults:4)
  16 hornets
  6 raiju (Abyss:3)
  A polar bear (shapeshifter) (Vaults:4)
  2 bog bodies (Swamp:4)
  7 saltlings (Desolation)
  17 slime creatures
  7 dream sheep
  A dream sheep (shapeshifter) (D:15)
  13 hippogriffs
  30 blink frogs
  2 human simulacra
  A large abomination (Abyss:3)
  An ice dragon zombie (Abyss:3)
  3 redbacks
  11 spriggans
  8 wraiths
  3 shadows
  A vampire (D:15)
  A water elemental (Elf:1)
  4 fire bats (D:11)
  A ynoxinul (Abyss:3)
  Sigmund (D:2)
  A hog (shapeshifter) (D:13)
  2 tarantellas
  3 wyverns
  6 fire elementals
  A human (shapeshifter) (Vaults:3)
  66 yaks
  3 hogs (D:12)
  A human (D:12)
  A steam dragon (D:9)
  3 basilisks
  A chaos spawn (Abyss:3)
  A neqoxec (Abyss:3)
  A redback simulacrum (D:14)
  3 swamp worm simulacra (Swamp:4)
  Menkaure (Ossuary)
  8 wargs
  16 vampire mosquitoes
  16 swamp worms
  2 hell hounds
  5 insubstantial wisps (Swamp:1)
  5 acid dragons
  11 water moccasins
  13 hydra simulacra (Swamp:4)
  11 porcupines
  A swamp drake (Swamp:1)
  5 black bears
  36 orc warriors
  Purgy (Sewer)
  9 ice beasts
  4 sky beasts
  2 human zombies
  An eye of draining (D:14)
  A phantom (D:8)
  9 boggarts
  33 ogres
  25 centaurs
  20 wolves
  13 crocodiles
  2 lemures (D:4)
  8 human skeletons
  3 big kobolds
  2 earth elementals (Elf:1)
  17 bullfrogs
  A gnoll sergeant (D:10)
  3 wyvern skeletons
  3 scorpions
  14 killer bees
  16 wights
  5 howler monkeys
  6 electric eels
  4 jellies
  8 centaur zombies
  2 bullfrog zombies
  2 lava snakes (D:11)
  4 hounds
  19 orc wizards
  6 centaur skeletons
  10 orc priests
  A bullfrog skeleton (D:10)
  6 iguanas
  Jessica (D:3)
  Natasha (thrice) (D:2)
  8 worker ants
  3 small abominations (Abyss:3)
  A hound zombie (D:5)
  3 ogre zombies (Ossuary)
  A hound skeleton (D:8)
  6 mummies (Ossuary)
  Robin (D:1)
  A worker ant zombie (D:11)
  A howler monkey skeleton (D:6)
  2 howler monkey zombies
  20 adders
  9 gnolls
  2 shadow imps
  4 white imps
  9 ufetubi
  An ooze (D:4)
  5 swamp drake simulacra (Swamp:4)
  6 adder zombies
  An adder skeleton (D:2)
  2 worms
  4 dart slugs
  A leopard gecko (D:4)
  93 orcs
  4 ball pythons
  8 bats
  11 giant cockroaches
  16 goblins
  7 hobgoblins
  8 jackals
  4 quokkas
  11 frilled lizards
  A gnoll zombie (Ossuary)
  4 goblin zombies (Ossuary)
  6 hobgoblin zombies (Ossuary)
  11 kobolds
  4 kobold zombies (Ossuary)
  A leopard gecko skeleton (D:8)
  An orc zombie (Ossuary)
  A quokka skeleton (D:5)
  5 quokka zombies (Ossuary)
  10 rats
  2 rat zombies (Ossuary)
  5 briar patches (Swamp:4)
  3 fire vortices (D:11)
  6 fungi
  A lurking horror (Abyss:3)
  4 plants
  A starspawn tentacle (Abyss:3)
1488 creatures vanquished.

Vanquished Creatures (collateral kills)
  Josephine (Lair:4)
  12 ball lightnings
13 creatures vanquished.

Vanquished Creatures (others)
  2 thorn hunters (Swamp:4)
  A deep elf sorcerer (Elf:1)
  An alligator (Swamp:1)
  A spriggan (Swamp:2)
  A deep elf knight (Elf:1)
  A tengu conjurer (D:14)
  A hornet (Swamp:2)
  A saltling (Desolation)
  A bog body (Swamp:4)
  2 vampire mosquitoes (Swamp:4)
  A swamp worm (Swamp:4)
  109 ball lightnings
  An orc (D:13)
  A briar patch (Swamp:3)
  5 fulminant prisms
  9 fungi
  4 plants
  3 starspawn tentacles (Abyss:3)
145 creatures vanquished.

Grand Total: 1646 creatures vanquished

Notes
Turn   | Place    | Note
-------+----------+-------------------------------------------
     0 | D:1      | Morbidden the Draconian Conjurer began the quest for the
                  | Orb.
     0 | D:1      | Reached XP level 1. HP: 14/14 MP: 3/3
   390 | D:1      | Reached XP level 2. HP: 22/22 MP: 0/5
   610 | D:1      | Reached skill level 1 in Fighting
   763 | D:1      | Learned a level 2 spell: Searing Ray
  1337 | D:1      | Reached XP level 3. HP: 28/28 MP: 2/6
  1730 | D:2      | Noticed Sigmund
  1848 | D:2      | Noticed Robin
  1852 | D:2      | Noticed Natasha
  1905 | D:2      | Killed Natasha
  1905 | D:2      | Reached XP level 4. HP: 18/36 MP: 0/7
  2162 | D:1      | Killed Robin
  2546 | D:2      | Killed Sigmund
  2546 | D:2      | Reached skill level 5 in Conjurations
  2546 | D:2      | Reached XP level 5. HP: 19/42 MP: 1/9
  2798 | D:2      | Reached skill level 1 in Unarmed Combat
  2884 | D:2      | Reached XP level 6. HP: 50/50 MP: 8/10
  3156 | D:2      | Noticed Natasha
  3163 | D:2      | Killed Natasha
  3429 | D:2      | Found a shimmering blue altar of Sif Muna.
  3731 | D:3      | Noticed Jessica
  3733 | D:3      | Killed Jessica
  3743 | D:3      | Noticed Grinder
  3752 | D:3      | Killed Grinder
  3752 | D:3      | Your scales start taking on a glossy black colour.
  3752 | D:3      | Reached XP level 7. HP: 36/57 MP: 3/12
  3752 | D:3      | Gained mutation: You are resistant to electric shocks.
                  | (rElec) [Black Draconian growth]
  3802 | D:3      | Found a glowing drain.
  3838 | Sewer    | Entered a sewer
  4077 | Sewer    | Noticed Purgy
  4081 | Sewer    | Killed Purgy
  4512 | D:3      | Found an ancient bone altar of Kikubaaqudgha.
  4983 | D:3      | Found an iron altar of Okawaru.
  5118 | D:2      | Noticed Natasha
  5125 | D:2      | Killed Natasha
  5373 | D:4      | Found a sand-covered staircase.
  5384 | Ossuary  | Entered an ossuary
  5676 | Ossuary  | Reached skill level 2 in Unarmed Combat
  5921 | Ossuary  | Noticed Menkaure
  6172 | Ossuary  | Reached XP level 8. HP: 66/66 MP: 7/13
  6416 | Ossuary  | Killed Menkaure
  6416 | Ossuary  | Reached skill level 3 in Unarmed Combat
  7536 | D:4      | Noticed Pikel
  7565 | D:4      | Killed Pikel
  7565 | D:4      | Reached skill level 5 in Dodging
  7565 | D:4      | Reached skill level 4 in Unarmed Combat
  8002 | D:5      | Entered Level 5 of the Dungeon
  8141 | D:5      | Reached skill level 5 in Fighting
  8141 | D:5      | Reached skill level 5 in Unarmed Combat
  8269 | D:5      | Found an ornate altar of the Wu Jian Council.
  8456 | D:5      | Found a hazy altar of Hepliaklqana.
  8487 | D:5      | Reached XP level 9. HP: 48/74 MP: 8/15
  9505 | D:6      | Found a staircase to the Ecumenical Temple.
  9609 | Temple   | Entered the Ecumenical Temple
  9844 | Temple   | Became a worshipper of Qazlal Stormbringer
 10071 | D:6      | Got a twitching ivory ring
 10600 | D:6      | Identified the ring of Kewy Suof {Ice *Slow Str-2 Dex+8
                  | Stlth+} (You found it on level 6 of the Dungeon)
 10706 | D:7      | Reached skill level 6 in Unarmed Combat
 10706 | D:7      | Reached skill level 1 in Invocations
 10976 | D:7      | Noticed an unseen horror
 11210 | D:7      | Killed an unseen horror
 11210 | D:7      | Reached skill level 5 in Spellcasting
 11591 | D:7      | Reached XP level 10. HP: 50/83 MP: 3/17
 12111 | D:7      | Reached skill level 7 in Unarmed Combat
 12442 | D:7      | Reached * piety under Qazlal
 12649 | D:8      | Noticed a two-headed ogre
 12658 | D:8      | Found a shattered altar of Ashenzari.
 12821 | D:8      | Noticed Harold
 12844 | D:8      | Killed Harold
 12853 | D:8      | Noticed a two-headed ogre
 12862 | D:8      | Killed a two-headed ogre
 12893 | D:8      | Killed a two-headed ogre
 12893 | D:8      | Reached skill level 8 in Unarmed Combat
 13631 | D:8      | Noticed a two-headed ogre
 13676 | D:8      | Killed a two-headed ogre
 13676 | D:8      | Reached skill level 1 in Throwing
 14076 | D:8      | Reached XP level 11. HP: 75/92 MP: 16/19
 14682 | D:9      | Learned a level 7 spell: Dragon Form
 14729 | D:9      | Reached ** piety under Qazlal
 14740 | D:9      | Reached skill level 9 in Unarmed Combat
 14740 | D:9      | Reached skill level 1 in Transmutations
 15088 | D:9      | Found Imatt's Lightly-Used Armoury.
 15192 | D:9      | Found Epawn's Assorted Antiques.
 15611 | D:9      | Bought a potion of heal wounds for 155 gold pieces
 15728 | D:9      | Found a staircase to the Orcish Mines.
 15730 | D:9      | Found Otechitu's Armour Boutique.
 15762 | D:9      | Bought a +0 pair of boots for 54 gold pieces
 15800 | D:9      | Found a staircase to the Lair.
 15842 | D:9      | Reached *** piety under Qazlal
 15901 | D:9      | Found a burning altar of Makhleb.
 15993 | D:9      | Found a sparkling altar of Nemelex Xobeh.
 16205 | D:10     | Entered Level 10 of the Dungeon
 16205 | D:10     | Noticed an orange crystal statue
 16277 | D:9      | Reached skill level 5 in Invocations
 16287 | D:10     | Noticed a two-headed ogre
 16585 | D:10     | Learned a level 4 spell: Iskenderun's Mystic Blast
 16698 | D:9      | Reached skill level 1 in Evocations
 17110 | D:10     | Killed a two-headed ogre
 17125 | D:10     | Noticed a frost giant
 17391 | Lair:1   | Entered Level 1 of the Lair of Beasts
 18248 | Lair:1   | Reached XP level 12. HP: 89/102 MP: 21/21
 18261 | Lair:1   | Reached **** piety under Qazlal
 19017 | Lair:1   | Learned a level 4 spell: Fulminant Prism
 20242 | Lair:2   | Noticed Fannar
 20263 | Lair:2   | Killed Fannar
 20283 | Lair:2   | Reached skill level 1 in Shields
 20308 | Lair:1   | Reached skill level 10 in Unarmed Combat
 21918 | Lair:3   | Noticed a four-headed hydra
 21930 | Lair:3   | Noticed a six-headed hydra
 21936 | Lair:3   | Killed a four-headed hydra
 22174 | Lair:3   | Killed a six-headed hydra
 23191 | Lair:4   | Found a gate leading to a gauntlet.
 23200 | Gauntlet | Entered a Gauntlet
 23200 | Gauntlet | Found a transporter.
 23533 | Gauntlet | Found a transporter.
 23535 | Gauntlet | Found a transporter.
 23543 | Gauntlet | Found a transporter.
 23545 | Gauntlet | Found a transporter.
 23554 | Gauntlet | Found a transporter.
 23570 | Gauntlet | Found a transporter.
 23580 | Gauntlet | Noticed a death yak
 23581 | Gauntlet | Noticed a death yak
 23582 | Gauntlet | Found a transporter.
 23582 | Gauntlet | Noticed a death yak
 23589 | Gauntlet | Found a transporter.
 23591 | Gauntlet | Noticed an entropy weaver
 23602 | Gauntlet | Noticed a blizzard demon
 23604 | Gauntlet | Found a transporter.
 23604 | Gauntlet | Found a transporter.
 23632 | Gauntlet | Found a transporter.
 23632 | Gauntlet | Found a transporter.
 23690 | Gauntlet | Noticed a death yak
 23692 | Gauntlet | Noticed a death yak
 23696 | Gauntlet | Found a transporter.
 23831 | Gauntlet | Reached XP level 13. HP: 57/110 MP: 14/23
 24025 | Gauntlet | Reached skill level 5 in Transmutations
 24036 | Gauntlet | Reached skill level 10 in Dodging
 24250 | Gauntlet | Killed a blizzard demon
 24305 | Gauntlet | Noticed a minotaur
 24380 | Gauntlet | Got a pair of brightly glowing boots
 24403 | Gauntlet | Killed a minotaur
 24689 | Gauntlet | Identified the +1 pair of boots of Nolaneus {rCorr Int+3}
                  | (You found it in a Gauntlet)
 24714 | Lair:4   | Noticed Nergalle
 24741 | Lair:4   | Noticed Josephine
 24748 | Lair:4   | Found a staircase to the Snake Pit.
 25968 | Lair:4   | Killed Josephine
 26970 | Lair:4   | Killed Nergalle
 27893 | Lair:4   | Found a staircase to the Swamp.
 28149 | Lair:5   | Reached skill level 1 in Translocations
 29215 | Lair:6   | Entered Level 6 of the Lair of Beasts
 30723 | D:10     | Killed a frost giant
 30723 | D:10     | Gained mutation: Your large and strong wings let you fly
                  | indefinitely. [Black Draconian growth]
 30723 | D:10     | Reached XP level 14. HP: 73/118 MP: 11/25
 31177 | D:10     | Reached ***** piety under Qazlal
 32050 | D:11     | Reached skill level 1 in Axes
 33015 | D:11     | Reached skill level 1 in Ice Magic
 33044 | D:11     | Learned a level 6 spell: Conjure Ball Lightning
 33050 | D:11     | Found a portal to a secret trove of treasure.
 33376 | D:11     | Reached skill level 11 in Unarmed Combat
 33615 | D:11     | Reached skill level 1 in Air Magic
 33905 | D:12     | Found Deorgh's Mayhem Merchandise.
 33975 | D:12     | You are sucked into a shaft and drop 3 floors!
 33975 | D:15     | Entered Level 15 of the Dungeon
 34031 | D:13     | Found a gate to the Vaults.
 34031 | D:13     | Noticed an ironheart preserver
 34114 | D:12     | Noticed Kirke
 34128 | D:12     | Found a flickering gateway to a bazaar.
 34135 | Bazaar   | Entered a bazaar
 34306 | Bazaar   | Found Hamoiqif's Antique Armour Emporium.
 34306 | Bazaar   | Found Zuacaq's Armour Emporium.
 34342 | Bazaar   | Found Uhaw's General Store.
 34342 | Bazaar   | Found Arghuerph's Book Shoppe.
 34386 | Bazaar   | Bought an embroidered scarf for 216 gold pieces
 34423 | Bazaar   | Bought a scroll of blinking for 112 gold pieces
 34423 | Bazaar   | Bought 6 silver boomerangs for 135 gold pieces
 34457 | D:12     | Killed Kirke
 34457 | D:12     | Reached skill level 5 in Evocations
 35756 | D:13     | Killed an ironheart preserver
 35756 | D:13     | Reached skill level 10 in Fighting
 36998 | D:14     | Noticed Azrael
 37012 | D:14     | Killed Azrael
 37570 | D:14     | Reached ****** piety under Qazlal
 37894 | D:14     | Reached XP level 15. HP: 126/126 MP: 19/27
 37967 | D:14     | Found an iron altar of Okawaru.
 39488 | D:14     | Reached skill level 12 in Unarmed Combat
 39507 | D:15     | Noticed Agnes
 39795 | D:15     | Identified a scroll of acquirement
 39795 | D:15     | Acquired a +6 ring of dexterity
 40495 | D:15     | Killed Agnes
 40833 | D:15     | Reached skill level 5 in Air Magic
 41548 | D:15     | Found a runed translucent gate.
 41548 | D:15     | Found a runed translucent gate.
 41548 | D:15     | Found an opulent altar of Gozag.
 41548 | D:15     | Found a runed translucent gate.
 41549 | D:15     | Noticed a storm dragon
 41604 | D:15     | Noticed Tysoic's ghost (journeyman GrEE)
 41968 | D:15     | Found a staircase to the Depths.
 42109 | Orc:1    | Entered Level 1 of the Orcish Mines
 42295 | Orc:1    | Found a bloodstained altar of Trog.
 42344 | Orc:2    | Entered Level 2 of the Orcish Mines
 43287 | Orc:2    | Found a bloodstained altar of Trog.
 43436 | Orc:2    | Found Miwutigi's Book Emporium.
 44376 | Orc:2    | Found Hiatz's Antique Weapon Shop.
 44377 | Orc:2    | Found Ypuhuqun's Weapon Boutique.
 44402 | Orc:2    | Found Nuag's Distillery.
 44407 | Orc:2    | Found Mekeapa's Armour Shop.
 44410 | Orc:2    | Bought a potion of heal wounds for 55 gold pieces
 44410 | Orc:2    | Bought a potion of heal wounds for 55 gold pieces
 44410 | Orc:2    | Bought a potion of curing for 33 gold pieces
 44434 | Orc:2    | Found a staircase to the Elven Halls.
 45214 | Lair:6   | Reached XP level 16. HP: 117/136 MP: 6/29
 45391 | Lair:6   | Found a staircase to the Slime Pits.
 45394 | Lair:6   | Found a viscous altar of Jiyva.
 45846 | Lair:6   | Found a runed translucent door.
 46716 | Lair:6   | Learned a level 6 spell: Hydra Form
 46825 | Swamp:1  | Entered Level 1 of the Swamp
 47841 | Swamp:1  | You are sucked into a shaft and drop 1 floor!
 48319 | Swamp:2  | Reached skill level 13 in Unarmed Combat
 48941 | Swamp:2  | Noticed a tentacled monstrosity
 48957 | Swamp:2  | Killed a tentacled monstrosity
 50149 | Swamp:3  | Noticed a thorn hunter
 50191 | Swamp:3  | Killed a thorn hunter
 51161 | Swamp:4  | Entered Level 4 of the Swamp
 51180 | Swamp:4  | Reached skill level 10 in Spellcasting
 51271 | Swamp:4  | Killed a thorn hunter
 51475 | Swamp:4  | Noticed Donald
 51488 | Swamp:4  | Killed Donald
 51728 | Swamp:4  | Noticed a thorn hunter
 51739 | Swamp:4  | Killed a thorn hunter
 51781 | Swamp:4  | HP: 2/178 [eight-headed hydra simulacrum (10)]
 52695 | Swamp:4  | Killed a thorn hunter
 53372 | Swamp:4  | Reached XP level 17. HP: 75/144 MP: 2/31
 53850 | Swamp:4  | Got a decaying rune of Zot
 54153 | Vaults:1 | Entered Level 1 of the Vaults
 54577 | Vaults:1 | Reached skill level 10 in Transmutations
 56554 | Vaults:2 | Reached skill level 14 in Unarmed Combat
 57762 | Vaults:2 | Found a staircase to the Crypt.
 58147 | Vaults:2 | Reached skill level 10 in Conjurations
 58257 | Vaults:2 | Reached skill level 10 in Invocations
 58279 | Vaults:2 | Reached XP level 18. HP: 87/151 MP: 5/33
 60007 | Vaults:3 | Reached skill level 15 in Unarmed Combat
 60140 | Vaults:3 | Found Tucvepir's Weapon Shoppe.
 61186 | Vaults:3 | Identified the cursed +2 war axe "Glorpo" {vorpal, Dex+4}
 61222 | Vaults:3 | Acquired the ring "Zecaakh" {*Contam rF+ rN+ MR+ Int+6}
 61224 | Vaults:3 | Acquired the amulet "Qaffimiw" {Acrobat *Slow +Blink rC+
                  | rN+}
 62186 | Vaults:3 | Gained mutation: Your magical capacity is low. (-10% MP)
                  | [mutagenic glow]
 62345 | Vaults:4 | Reached XP level 19. HP: 64/159 MP: 27/31
 62721 | Vaults:4 | Found a runed translucent gate.
 62722 | Vaults:4 | Found a runed translucent gate.
 62722 | Vaults:4 | Found an opulent altar of Gozag.
 62723 | Vaults:4 | Found a runed translucent gate.
 62731 | Vaults:4 | Identified the +12 glaive "Ymil" {vorpal, Dex+3}
 62780 | Vaults:4 | Noticed Viusuagh's ghost (adept MiSk)
 62781 | Vaults:4 | Found Otsocrow's Assorted Antiques.
 62825 | Vaults:4 | Gained mutation: Scrolls take you a little longer to read.
                  | [mutagenic glow]
 64930 | Elf:1    | Entered Level 1 of the Elven Halls
 64943 | Elf:1    | Reached skill level 10 in Air Magic
 65291 | Elf:1    | Cast into level 3 of the Abyss (a deep elf sorcerer)
 65299 | Abyss:3  | Reached skill level 16 in Unarmed Combat
 65360 | Abyss:3  | Gained mutation: You are dopey. (Int -2) [a neqoxec]
 65362 | Abyss:3  | Gained mutation: Your body sometimes deteriorates upon
                  | taking damage. [a neqoxec]
 65365 | Abyss:3  | Lost mutation: Your body sometimes deteriorates upon taking
                  | damage. [potion of mutation]
 65365 | Abyss:3  | Lost mutation: Your magical capacity is low. (-10% MP)
                  | [potion of mutation]
 65365 | Abyss:3  | Lost mutation: Scrolls take you a little longer to read.
                  | [potion of mutation]
 65365 | Abyss:3  | Gained mutation: You are weak. (Str -2) [potion of
                  | mutation]
 65365 | Abyss:3  | Gained mutation: You are agile. (Dex +2) [potion of
                  | mutation]
 65485 | Elf:1    | Escaped the Abyss
 65497 | Elf:1    | Gained mutation: You are somewhat resistant to further
                  | mutation. [mutagenic glow]
 65765 | Elf:1    | Upgraded the game from 0.26-a0-540-g8a0c9464d7 to
                  | 0.26-a0-541-g3b3d21e777
 67192 | Elf:2    | HP: 7/209 [+6 vorpal war axe (12)]
 67192 | Elf:2    | HP: 2/209 [+6 vorpal war axe (5)]
 67230 | Elf:2    | Found a runed translucent gate.
 67230 | Elf:2    | Found a runed translucent gate.
 67231 | Elf:2    | Found a runed translucent gate.
 67236 | Elf:2    | Reached XP level 20. HP: 49/169 MP: 28/37
 67281 | Elf:2    | Found Runobahi's Antique Weapon Shop.
 67303 | Elf:2    | Found a ruined gateway.
 67316 | Desolati | Entered the Desolation of Salt
 67338 | Desolati | HP: 9/253 [saltling (6)]
 67343 | Desolati | HP: 4/253 [poisoned by a guardian serpent (bolt of poison)]
 67343 | Desolati | HP: 1/253 [saltling (1)]
 67343 | Desolati | Killed from afar by a halazid warlock

Illustrated notes

Levels and vault maps discovered:
D:1:      mrwooster_arrival_statue_3, layout_basic
D:2:      layout_loops_ring, marbit_many_paths, uniq_sigmund, uniq_natasha,
          uniq_robin
D:3:      layout_loops_ring, nicolae_overflow_crystal_walls,
          nicolae_overflow_hidden_temple, gup_sewer_entry_glass, uniq_jessica,
          uniq_grinder
D:4:      layout_gridville, enter_ossuary_1, uniq_pikel
D:5:      layout_gridville, kennysheep_mini_moat, kennysheep_mini
D:6:      layout_loops_ring, minmay_temple_entry_sparse_star, serial_glass,
          glass_columns_c, glass_columns_a, item_on_display_a,
          minmay_strange_pillars, feat_on_display, minmay_strange_pillars,
          dk_noncrumbling_2, nrook_mini_backslash
D:7:      minmay_clustersquares, layout_basic
D:8:      minmay_inner_zag, layout_cave_pods, evilmike_ruin_ashenzari,
          uniq_harold
D:9:      layout_long_grid, old_standard_altar, lightli_temple_of_fire,
          dpeg_oklobed_lair, orc_david_3, serial_shops,
          nicolae_shop_overgrown_old_shop, minmay_shop_damaged
D:10:     minmay_coctagon, layout_irregular_city, nicolae_wwwww,
          minmay_protected_statue
D:11:     layout_loops_ring, enter_trove_1, hangedman_incinerator
D:12:     layout_gridville, serial_shops, bzr_entry_islet, grunt_ministairs_14,
          minmay_shop_mayhem, uniq_kirke
D:13:     layout_long_grid, skrybe_vaults_entry_preservation, st_stairs_13
D:14:     minmay_quarter_circles, layout_layer_cave, minmay_misc_feat_tiny,
          okawaru_ov_weapons_minmay, uniq_azrael
D:15:     gammafunk_enter_depths_forms, layout_gridville, kennysheep_crisscross,
          ebering_ghost_gozag, uniq_agnes
Temple:   minmay_temple_curvy_branch
Lair:1:   kb_forest_paths, layout_chaotic_city, beast_lair_carwin_4
Lair:2:   layout_gridlike, uniq_fannar
Lair:3:   layout_hall_layers, serial_bayou_ford_a
Lair:4:   layout_big_grid, swamp_mist, dummy_snake_entry,
          gauntlet_entry_generic, forest_entry_grove, uniq_josephine,
          uniq_nergalle
Lair:5:   layout_cave_shapes, st_stairs_3, eino_small_chamber_without_monster,
          chequers_serial_rivers_micro_d, grunt_megastairs_5
Lair:6:   wormcave, layout_gridlike, slime_altar_1, lemuel_fruit_tree,
          serial_bayou_shore_a, grunt_megastairs_2
Swamp:1:  layout_falls_marsh, evilmike_swamp_ruin_house_3,
          infiniplex_staircase_pool_2
Swamp:2:  layout_basic_swamp, hangedman_swamp_blocks, swamp_pool1
Swamp:3:  layout_basic_swamp, evilmike_swamp_ruin_house_1
Swamp:4:  swamp_icy, layout_basic_swamp, uniq_donald
Orc:1:    layout_caves, basic_altar, trog_hazing_becter
Orc:2:    st_orc_open, layout_diamond_mine, serial_shops,
          nicolae_shop_behind_doors, basic_altar
Elf:1:    eino_elf_arrival_the_gate, layout_geoelf_grid, hangedman_elf_represent
Elf:2:    layout_geoelf_diagonals, basic_altar, serial_shops,
          nicolae_shop_overgrown_old_shop, portal_desolation_entry_nicolae_slug
Vaults:1: hangedman_vaults_restitches, hangedman_vaults_corner_blocks,
          v_misc_23, hangedman_vaults_locks, vaults_mumra_minichess_inversion,
          ontoclasm_vaults_tryst, v_misc_10, ontoclasm_vaults_misaligned,
          v_misc_30, hangedman_vaults_nails,
          hangedman_vaults_stretched_pinwheel, ontoclasm_vaults_ligature,
          nicolae_vaults_statue_guard, layout_vaults_omnibox
Vaults:2: grunt_vaults_hallway_short, v_misc_5,
          minmay_crypt_entry_skeletal_spiral, nicolae_vaults_little_squares_4,
          nicolae_vaults_network_star, vaults_room_octagon, vaults_room_pools,
          v_misc_23, nicolae_vaults_mini_display_case, ontoclasm_vaults_twist,
          layout_vaults_quadrants
Vaults:3: grunt_vaults_funnel, v_pattern_2, v_misc_25, v_rooms_4,
          vaults_room_fours, nicolae_vaults_specimen_jars, v_misc_9, v_misc_27,
          vaults_mumra_chevron_long, st_lattice, grunt_vaults_hallway_long,
          vaults_dpeg_hooks, v_misc_15, ontoclasm_vaults_hangar,
          vaults_dpeg_encased_lava, layout_vaults_omnicross, serial_shops,
          nicolae_shop_window_shopping
Vaults:4: ebering_vaults_ghost_gozag, hangedman_vaults_restitches,
          nicolae_vaults_disjoint_gnomons, v_misc_25,
          ontoclasm_vaults_water_temple, v_misc_26, v_misc_14, vaults_mumra_hex,
          ontoclasm_vaults_hangar, vaults_room_semicircle, vaults_dpeg_cross,
          layout_vaults_maze_snakey
Desolation

Skill      XL: |  1  2  3  4  5  6  7  8  9 10 11 12 13 14 15 16 17 18 19 |
---------------+----------------------------------------------------------+-----
Fighting       | 1 2 3 4 5 6 7 8 9 10 11 12 | 12.4
Dodging        | 2 3 4 5 6 7 8 9 11 12 13 14 | 14.4
Stealth        | 2 3 4 |  4.6
Conjurations   | 5 6 7 8 9 10 | 10.2
Unarmed Combat | 1 2 5 6 8 9 10 11 12 13 14 15 16 | 16.8
Spellcasting   | 3 4 5 6 7 8 9 10 11 12 13 | 13.0
Invocations    | 2 4 5 6 8 10 11 12 | 12.2
Throwing       | 1 |  1.9
Transmutations | 2 4 6 7 8 9 10 11 12 | 12.4
Evocations     | 1 3 4 5 6 7 |  7.0
Shields        | 2 4 |  4.6
Translocations | 1 2 3 4 |  4.1
Axes           | 1 |  1.3
Ice Magic      | 1 |  1.0
Air Magic      | 4 6 8 9 10 | 10.1
Hexes          | |  0.1

Action                   |  1- 3 |  4- 6 |  7- 9 | 10-12 | 13-15 | 16-18 | 19-21 || total
-------------------------+-------+-------+-------+-------+-------+-------+-------++-------
Melee: Unarmed           |    18 |    13 |   220 |   372 |  1307 |  1184 |   546 ||  3660
       Tailslap          |     1 |       |    27 |    31 |   177 |   110 |    71 ||   417
       Punch             |       |       |     2 |     8 |     3 |     2 |     7 ||    22
       Executioner's axe |       |       |       |       |    68 |       |       ||    68
       Bite              |       |       |       |       |       |     1 |    10 ||    11
Throw: Dart              |       |       |       |    16 |     5 |       |       ||    21
       Boomerang         |       |       |       |     1 |    19 |       |       ||    20
       Javelin           |       |       |       |       |       |     6 |     1 ||     7
 Cast: Magic Dart        |    53 |    39 |    98 |   112 |   179 |   107 |    12 ||   600
       Searing Ray       |     3 |    15 |    75 |   103 |    92 |    84 |    10 ||   382
       Iskenderun's Myst |       |       |       |    15 |    92 |    89 |    20 ||   216
       Fulminant Prism   |       |       |       |     1 |     1 |     3 |       ||     5
       Conjure Ball Ligh |       |       |       |       |     2 |    43 |     4 ||    49
       Hydra Form        |       |       |       |       |       |    40 |     7 ||    47
       Dragon Form       |       |       |       |       |       |     4 |     7 ||    11
Invok: Upheaval          |       |       |       |     3 |       |     2 |     3 ||     8
       Elemental Force   |       |       |       |     1 |     1 |       |       ||     2
       Disaster Area     |       |       |       |       |       |       |     4 ||     4
 Abil: Breathe Lightning |       |       |    23 |    37 |    53 |    37 |     9 ||   159
       Fly               |       |       |       |       |     1 |       |       ||     1
       End Transformatio |       |       |       |       |       |       |     1 ||     1
Evoke: Wand              |       |       |     2 |     3 |     5 |     9 |    12 ||    31
       Condenser vane    |       |       |       |       |     6 |     3 |     3 ||    12
  Use: Scroll            |     1 |     2 |     7 |    20 |    18 |    11 |     8 ||    67
       Potion            |       |     2 |     2 |    10 |    15 |     2 |    18 ||    49
 Stab: Sleeping          |       |       |     4 |       |       |       |       ||     4
       Invisible         |       |       |       |       |     4 |       |       ||     4
       Confused          |       |       |       |       |     1 |       |       ||     1
       Distracted        |       |       |       |       |       |     1 |     1 ||     2
Armor: Skin              |    14 |    11 |    78 |   158 |   354 |   159 |    98 ||   872
Dodge: Dodged            |    36 |    27 |   219 |   479 |  1225 |   679 |   408 ||  3073
       Repelled          |       |       |       |     1 |    10 |    18 |    12 ||    41
Block: Other             |       |       |       |    64 |    83 |   223 |    85 ||   455
       Buckler           |       |       |       |    82 |   865 |   691 |   229 ||  1867
       Tower shield      |       |       |       |       |   145 |       |       ||   145
       Reflection        |       |       |       |       |    11 |    81 |     6 ||    98

Table legend: (Time is in decaauts)
 A = Elapsed time spent in this place.
 B = Non-inter-level travel time spent in this place.
 C = Inter-level travel time spent in this place.
 D = Time resting spent in this place.
 E = Time spent auto-exploring this place.
 F = Levels seen in this place.
 G = Mean time per level.
                   A        B        C        D        E       F      G
               +--------+--------+--------+--------+--------+-----+--------+
         Total |  66824 |  64293 |   2531 |  12788 |  40092 |  40 | 1670.6 |
       Dungeon |  27777 |  26601 |   1176 |   4559 |  17768 |  15 | 1851.8 |
        Temple |    243 |    232 |     11 |      0 |    223 |   1 |  243.0 |
          Lair |  12868 |  12252 |    616 |   3965 |   6206 |   6 | 2144.7 |
         Swamp |   6986 |   6846 |    140 |   1921 |   3941 |   4 | 1746.5 |
  Orcish Mines |   2589 |   2367 |    222 |    671 |   1173 |   2 | 1294.5 |
   Elven Halls |   2091 |   2055 |     36 |    226 |   1249 |   2 | 1045.5 |
        Vaults |  10431 |  10104 |    327 |    742 |   7332 |   4 | 2607.8 |
         Abyss |    164 |    164 |      0 |      0 |     18 |   1 |  164.0 |
        Bazaar |    307 |    307 |      0 |      0 |    222 |   1 |  307.0 |
         Sewer |    450 |    450 |      0 |      0 |    359 |   1 |  450.0 |
       Ossuary |   1423 |   1423 |      0 |    183 |   1006 |   1 | 1423.0 |
    Desolation |     24 |     24 |      0 |      4 |      0 |   1 |   24.0 |
      Gauntlet |   1463 |   1463 |      0 |    517 |    594 |   1 | 1463.0 |
               +--------+--------+--------+--------+--------+-----+--------+

Top non-repeatable levels by time:
     D:9: 4067 daAuts
    D:14: 3215 daAuts
Vaults:2: 3073 daAuts
  Lair:4: 2924 daAuts
  Lair:3: 2626 daAuts
Vaults:3: 2599 daAuts
Vaults:4: 2398 daAuts
  Lair:1: 2376 daAuts
Vaults:1: 2359 daAuts
 Swamp:4: 2333 daAuts
    D:15: 2300 daAuts
  Lair:5: 2199 daAuts
     D:1: 2111 daAuts
     D:8: 2037 daAuts
 Swamp:2: 1965 daAuts
